 Dungeon Crawl Stone Soup version 0.27-a0-1154-gfdeffcb720 (webtiles) character file.

Game seed: 10028860435490400293

152 st0uf the Digger (level 5, 28/28 HPs)
             Began as a Gargoyle Earth Elementalist on May 14, 2021.
             Quit the game in a sewer.
             The game lasted 00:14:55 (3269 turns).

st0uf the Digger (Gargoyle Earth Elementalist)      Turns: 3269, Time: 00:14:56

Health: 28/28      AC:  7    Str: 11    XL:     5   Next: 34%
Magic:  10/10      EV: 11    Int: 17    God:
Gold:   48         SH:  0    Dex: 10    Spells: 6/10 levels left

rFire    . . .     SeeInvis .   j - +0 short sword
rCold    . . .     Faith    .   (no shield)
rNeg     + . .     Spirit   .   c - +0 robe
rPois    ∞         Reflect  .   h - +0 helmet
rElec    +         Harm     .   (no cloak)
rCorr    .         Rampage  .   (no gloves)
Will     .....                  (no boots)
Stlth    ++........             (no amulet)
HPRegen  0.09/turn              (no ring)
MPRegen  0.12/turn              (no ring)

@: no status effects
A: sickness immunity, AC +4, negative energy resistance 1, electricity
resistance, torment resistance 1, petrification resistance
a: no special abilities


You were in a sewer.
You visited 1 branch of the dungeon, and saw 3 of its levels.
You also visited: Sewer.

You collected 48 gold pieces.

Inventory:

Hand Weapons
 j - a +0 short sword (weapon)
Missiles
 b - 15 stones
Armour
 c - a +0 robe (worn)
 h - a +0 helmet (worn)
Wands
 i - a wand of flame (14)
Scrolls
 f - a scroll of identify {unknown}
 k - 2 scrolls of fear {unknown}
 l - a scroll of blinking {unknown}
Potions
 a - 2 potions of curing {unknown}
 d - 2 potions of heal wounds {unknown}
 e - a potion of lignification {unknown}
 m - 3 potions of flight {unknown}
 n - a potion of invisibility {unknown}
 o - a potion of might {unknown}


   Skills:
 + Level 0.2 Fighting
 - Level 1.5 Dodging
 + Level 2.7 Stealth
 + Level 3.4 Spellcasting
 * Level 1.1 Conjurations
 + Level 0.7 Transmutations
 + Level 5.4 Earth Magic


You had 6 spell levels left.
You knew the following spells:

 Your Spells              Type           Power      Damage    Failure   Level
a - Sandblast             Erth           42%        2d11      1%          1
b - Stone Arrow           Conj/Erth      28%        3d8       13%         3

Your spell library contained the following spells:

 Spells                   Type           Power      Damage    Failure   Level
 Passwall                 Tmut/Erth      10%        N/A       7%          2
 Petrify                  Tmut/Erth      13%        N/A       43%         4
 Lee's Rapid Deconstruct  Erth           10%        3d9*      45%         5


Dungeon Overview and Level Annotations

Branches:
Dungeon (3/15)              Sewer (1/1)

Altars:
Yredelemnul

Annotations:
D:2 exclusion: goblin, Sigmund


Innate Abilities, Weirdness & Mutations

You are immune to sickness and miasma.
Your stone body is resilient. (AC +4)
You are immune to poison.
You resist negative energy. (rN+)
You are resistant to electric shocks. (rElec)
You are resistant to unholy torment.
You are immune to petrification.


Message History

Moving in this stuff is going to be slow.
You enter the shallow water.
Moving in this stuff is going to be slow.
Partly explored, can't reach some places.
Partly explored, can't reach some places.
As you read the scroll labelled NYGHUOBRIS, it crumbles to dust.
You feel strangely unstable.
It was a scroll of teleportation.
You enter the shallow water.
Moving in this stuff is going to be slow.
Your surroundings flicker for a moment.
Splash!
You fall into the shallow water.
Moving in this stuff is going to be slow.
You enter the shallow water.
Moving in this stuff is going to be slow.
Casting: Sandblast (safe; 1% risk of failure)
Confirm with . or Enter, or press ? or * to list all spells.
Okay, then.
As you read the scroll of teleportation, it crumbles to dust.
You feel strangely unstable.
Your surroundings suddenly seem different.
Okay, then.
You enter the shallow water.
Moving in this stuff is going to be slow.
You enter the shallow water.
Moving in this stuff is going to be slow.
Things that are here:
a jackal skeleton; a jackal skeleton Why would you want to do that?
Why would you want to do that? Why would you want to do that?
Why would you want to do that? Why would you want to do that?
Why would you want to do that?
You enter the shallow water.
Moving in this stuff is going to be slow.
You enter the shallow water.
Moving in this stuff is going to be slow.
Why would you want to do that?
Are you sure you want to abandon this character and quit the game? (Confirm with "yes".)

#≈≈≈# #≈≈≈ #≈≈≈# #..#
#.≈≈# #≈≈. #.≈≈# #..#
#.≈.# #≈≈≈# #≈≈≈# #.≈#
#.≈≈# #≈≈≈# #≈≈≈# #≈.#
#.≈≈#
#≈≈≈###≈≈≈####≈≈####≈≈.#
#≈≈≈≈≈≈≈.≈≈≈≈≈≈≈≈≈≈≈≈≈≈#
#≈≈≈≈≈≈≈≈≈≈≈≈≈≈≈≈≈≈≈≈≈≈#
#≈≈≈≈÷.≈≈≈≈..≈@.≈≈≈≈≈≈≈#
#≈≈≈≈###############≈≈≈#
#≈≈≈≈## ### #≈≈≈#
#≈≈≈.≈# #.## #≈≈≈#
#≈≈.≈≈###..# #≈≈≈#
#≈≈≈≈.≈#...# #≈≈≈#
#≈≈≈≈..#...# #≈≈≈#
#≈≈≈#......# #≈≈≈#
#≈≈≈#......#


There were no monsters in sight!

Vanquished Creatures
  Robin (D:2)
  3 adders
  3 gnolls (D:2)
  A worm (D:2)
  8 ball pythons
  7 bats
  7 endoplasms
  2 giant cockroaches
  11 goblins
  5 hobgoblins
  9 jackals
  2 kobolds
  6 quokkas
  3 frilled lizards
  7 rats
75 creatures vanquished.

Notes
Turn   | Place    | Note
-------+----------+-------------------------------------------
     0 | D:1      | st0uf the Gargoyle Earth Elementalist began the quest for
                  | the Orb.
     0 | D:1      | Reached XP level 1. HP: 10/10 MP: 3/3
    74 | D:1      | Reached skill level 4 in Earth Magic
    97 | D:1      | Reached XP level 2. HP: 15/15 MP: 1/5
   298 | D:1      | Found a faded altar of an unknown god.
   430 | D:1      | Reached XP level 3. HP: 19/19 MP: 3/6
   825 | D:2      | Noticed Sigmund
   956 | D:2      | Reached XP level 4. HP: 24/24 MP: 3/8
  1014 | D:2      | Reached skill level 5 in Earth Magic
  1018 | D:2      | Learned a level 3 spell: Stone Arrow
  1483 | D:2      | Noticed Robin
  1491 | D:2      | Killed Robin
  2217 | D:2      | Found a basalt altar of Yredelemnul.
  2239 | D:2      | Reached XP level 5. HP: 28/28 MP: 5/9
  2622 | D:3      | Found a glowing drain.
  2636 | Sewer    | Entered a sewer
  2831 | Sewer    | Reached skill level 1 in Conjurations
  3269 | Sewer    | Quit the game

Illustrated notes

Levels and vault maps discovered:
D:1:      ncdulo_wetmaze, layout_rooms, chequers_ecumenical_altar_simple_redux
D:2:      layout_loops_ring, basic_altar, hangedman_abyss_or_decor_lesser_grid,
          dk_noncrumbling_3, kennysheep_minor_cross, uniq_robin, uniq_sigmund
D:3:      layout_loops_ring, portal_sewer_entry_a, gammafunk_ghost_grave
Sewer:    sewer_fruit_machine

Skill      XL: |  1  2  3  4  5 |
---------------+----------------+-----
Earth Magic    | 4 5 |  5.4
Spellcasting   | 3 |  3.4
Conjurations   | 1 |  1.1
Fighting       | |  0.2
Dodging        | |  1.5
Stealth        | |  2.7
Transmutations | |  0.7

Action                   |  1- 3 |  4- 6 || total
-------------------------+-------+-------++-------
Melee: Unarmed           |    28 |   145 ||   173
       Short sword       |       |    95 ||    95
 Cast: Sandblast         |    38 |    29 ||    67
  Use: Scroll            |       |     2 ||     2
 Stab: Sleeping          |       |     3 ||     3
Armor: Robe              |    20 |   169 ||   189
Dodge: Dodged            |    19 |   210 ||   229

Table legend: (Time is in decaauts)
 A = Elapsed time spent in this place.
 B = Non-inter-level travel time spent in this place.
 C = Inter-level travel time spent in this place.
 D = Time resting spent in this place.
 E = Time spent auto-exploring this place.
 F = Levels seen in this place.
 G = Mean time per level.
                   A        B        C        D        E       F      G
               +--------+--------+--------+--------+--------+-----+--------+
         Total |   3394 |   3302 |     92 |    484 |   1596 |   4 |  848.5 |
       Dungeon |   2642 |   2550 |     92 |    302 |   1434 |   3 |  880.7 |
         Sewer |    752 |    752 |      0 |    182 |    161 |   1 |  752.0 |
               +--------+--------+--------+--------+--------+-----+--------+

Top non-repeatable levels by time:
     D:2: 1604 daAuts
     D:1: 814 daAuts
   Sewer: 752 daAuts
     D:3: 223 daAuts
